 Dungeon Crawl Stone Soup version 0.18.1-48-g4cf74bf (webtiles) character file.

212 Joat the Magician (level 5, 0/28 HPs)
             Began as a Deep Elf Conjurer on July 26, 2016.
             Was an Initiate of Sif Muna.
             Killed from afar by an orc wizard (8 damage)
             ... with a magic dart
             ... on level 2 of the Dungeon.
             The game lasted 00:42:45 (3492 turns).

Joat the Magician (Deep Elf Conjurer)               Turns: 3492, Time: 00:42:46

Health: 0/28       AC:  3    Str:  5    XL:     5   Next: 58%
Magic:  9/15       EV: 13    Int: 21    God:    Sif Muna [......]
Gold:   122        SH:  0    Dex: 15    Spells: 3 memorised, 10 levels left

rFire  . . .     SeeInvis .     B - +0 long sword
rCold  . . .     Gourm    .     a - +0 robe
rNeg   . . .     Faith    .     (no shield)
rPois  .         Spirit   .     i - +0 helmet
rElec  .         Dismiss  .     (no cloak)
rCorr  +         Reflect  .     (no gloves)
SustAt .         Harm     .     (no boots)
MR     +....                    (no amulet)
Stlth  +++.......               v - ring of protection from magic
                                g - ring of resist corrosion

@: somewhat resistant to hostile enchantments, fairly stealthy
A: no striking features
a: Renounce Religion


You were on level 2 of the Dungeon.
You worshipped Sif Muna.
Sif Muna was noncommittal.
You were not hungry.

You visited 1 branch of the dungeon, and saw 3 of its levels.

You collected 122 gold pieces.

Inventory:

Hand Weapons
 f - a +0 dagger
 t - a +0 whip
 B - a +0 long sword (weapon)
Missiles
 d - 122 stones (quivered)
 e - 86 arrows
Armour
 a - a +0 robe (worn)
 i - a +0 helmet (worn)
 z - a +0 ring mail of fire resistance
Jewellery
 g - a ring of resist corrosion (left hand)
 v - a ring of protection from magic (right hand)
Scrolls
 h - 3 scrolls of recharging {unknown}
 j - 5 scrolls of identify {unknown}
 k - 5 scrolls of teleportation {unknown}
 p - 2 scrolls of remove curse {unknown}
 s - a scroll of amnesia {unknown}
 x - a scroll of enchant weapon {unknown}
 y - a scroll of fear {unknown}
Potions
 l - 4 potions of haste {unknown}
 m - a potion of degeneration {unknown}
 n - 2 potions of might {unknown}
 o - a potion of mutation {unknown}
 q - 2 potions of brilliance {unknown}
 u - 3 potions of curing {unknown}
 w - 4 potions of heal wounds {unknown}
 A - a potion of cancellation {unknown}
Books
 b - a book of Conjurations

   Spells                             Type                      Level
   a - Magic Dart                     Conjuration                  1
   b - Searing Ray                    Conjuration                  2
   c - Dazzling Spray                 Conjuration/Hexes            3
   d - Fulminant Prism                Conjuration/Hexes            4
   e - Iskenderun's Mystic Blast      Conjuration                  4
   f - Iskenderun's Battlesphere      Conjuration/Charms           5
Comestibles
 c - 4 bread rations
 r - 2 fruits
 C - a chunk of flesh


   Skills:
 - Level 2.4 Dodging
 - Level 4.2 Stealth
 * Level 6.4 Spellcasting
 + Level 4.5 Conjurations
 * Level 2.3 Hexes


You had 10 spell levels left.
You knew the following spells:

 Your Spells              Type           Power        Failure   Level  Hunger
a - Magic Dart            Conj           ####         1%          1    None
b - Searing Ray           Conj           ####..       1%          2    None
c - Dazzling Spray        Conj/Hex       ###...       10%         3    #......


Dungeon Overview and Level Annotations

Branches:
Dungeon (3/15)

Altars:
Dithmenos
Pakellas
Ru
Sif Muna
Trog


Message History

Confirm with . or Enter, or press ? or * to list all spells.
Aiming: Searing Ray
Press: ? - help, Shift-Dir - straight line, f - orc wizard
Aim: an orc wizard, wielding a dagger and wearing a robe (lightly wounded)
The searing ray hits the orc wizard.
The orc wizard is lightly wounded.
The orc wizard hits you with a dagger.
* * * LOW HITPOINT WARNING * * *
The searing ray hits the orc wizard.
The orc wizard is moderately wounded.
The orc wizard closely misses you.
Casting: Searing Ray
Confirm with . or Enter, or press ? or * to list all spells.
Aiming: Dazzling Spray
Press: ? - help, Shift-Dir - straight line, f/p - orc wizard
Aim: an orc wizard, wielding a dagger and wearing a robe (moderately wounded)
The spray of energy misses the orc wizard.
The orc wizard casts a spell at you. The magic dart hits you!
You die...

...#.##.### ###### ##.#.#####.
........# #####....# #..........
.....#### #.....##.# ##.#..#.#..
#...## ##.###.##.####.#..#.#..
#...# #....#.##.##...........
#...# #..#.#.##.##.#.##.###.#
#...# #..............##.....#
#...# #[#..#.##.##.####.###.#
#...# ####.#..#@##.##.####.# #.#
#...####.......#o##.........# #.#
............#............######.#
...<........#............##......
...........##..#.##......##.###..
#...####.###.....##......##.###..
#...# #.......####.#######.##...
#...# #####........# #.##[#.
#...## #.######## #>##.#.


You could see an orc wizard.

Vanquished Creatures
  An orc wizard (D:3)
  A worker ant (D:3)
  9 adders
  A worm (D:3)
  A dart slug (D:2)
  3 giant geckos
  4 orcs (D:3)
  A ball python (D:3)
  5 giant cockroaches
  7 goblins
  13 hobgoblins
  7 jackals
  6 kobolds
  A quokka (D:3)
  3 bats
  2 giant newts
  5 rats
70 creatures vanquished.

Vanquished Creatures (others)
  A fungus (D:1)
1 creature vanquished.

Grand Total: 71 creatures vanquished

Notes
Turn   | Place    | Note
--------------------------------------------------------------
     0 | D:1      | Joat the Deep Elf Conjurer began the quest for the Orb.
     0 | D:1      | Reached XP level 1. HP: 10/10 MP: 6/6
   176 | D:1      | Reached skill level 4 in Spellcasting
   176 | D:1      | Reached XP level 2. HP: 9/15 MP: 1/9
   704 | D:1      | Learned a level 2 spell: Searing Ray
  1105 | D:2      | Reached XP level 3. HP: 19/19 MP: 9/11
  1145 | D:2      | Reached skill level 5 in Spellcasting
  1549 | D:2      | Found a bloodstained altar of Trog.
  1561 | D:2      | Reached skill level 6 in Spellcasting
  1561 | D:2      | Reached XP level 4. HP: 23/24 MP: 2/14
  1562 | D:2      | Found a deep blue altar of Sif Muna.
  1566 | D:2      | Found an oddly glowing altar of Pakellas.
  1715 | D:2      | Became a worshipper of Sif Muna the Loreminder
  1720 | D:2      | Learned a level 3 spell: Dazzling Spray
  2075 | D:3      | Found a shadowy altar of Dithmenos.
  2393 | D:3      | Reached XP level 5. HP: 28/28 MP: 10/15
  2464 | D:3      | Reached skill level 1 in Hexes
  2500 | D:3      | Found a sacrificial altar of Ru.
  3492 | D:2      | Killed from afar by an orc wizard

Skill      XL: |  1  2  3  4  5 |
---------------+----------------+-----
Spellcasting   | 4 6 |  6.4
Stealth        | 4 |  4.2
Hexes          | 2 |  2.3
Dodging        | |  2.4
Conjurations   | |  4.5

Action                   |  1- 3 |  4- 6 || total
-------------------------+-------+-------++-------
Melee: Unarmed           |    10 |       ||    10
       Dagger            |       |    10 ||    10
       Long sword        |       |     3 ||     3
Throw: Stone             |     2 |     1 ||     3
 Cast: Magic Dart        |    41 |    38 ||    79
       Searing Ray       |    13 |    21 ||    34
       Dazzling Spray    |       |     1 ||     1
  Eat: Chunk             |     2 |     5 ||     7
       Fruit             |       |     1 ||     1
Armor: Robe              |     2 |    10 ||    12
Dodge: Dodged            |    14 |    35 ||    49
